 Dungeon Crawl Stone Soup version 0.21-a0-401-g0b6bec4 (webtiles) character file.

2226 cilpolir the Grappler (level 9, -1/84 HPs)
             Began as a Troll Monk on Oct 25, 2017.
             Was a Believer of Wu Jian.
             Killed by divine providence
             ... invoked by an orc priest
              (9 damage)
             ... on level 7 of the Dungeon.
             The game lasted 00:36:47 (4098 turns).

cilpolir the Grappler (Troll Monk)                  Turns: 4098, Time: 00:36:47

Health: -1/84      AC:  6    Str: 24    XL:     9   Next: 13%
Magic:  8/8        EV: 12    Int:  6    God:    Wu Jian [**....]
Gold:   288        SH:  0    Dex: 12    Spells: 8/8 levels left

rFire    + . .     SeeInvis +     - Unarmed
rCold    x . .     Gourm    +   (no shield)
rNeg     . . .     Faith    .   a - +1 robe
rPois    .         Spirit   .   (helmet restricted)
rElec    .         Reflect  .   (no cloak)
rCorr    .         Harm     .   (gloves unavailable)
MR       .....                  (boots unavailable)
Stlth    +.........             (no amulet)
HPRegen  0.64/turn              e - ring of fire
MPRegen  0.11/turn              n - ring of see invisible

@: confused
A: unfitting armour, claws 3, fast metabolism 3, gourmand, regeneration 1,
shaggy fur 1, tough skin 2
a: Renounce Religion


You were on level 7 of the Dungeon.
You worshipped Wu Jian.
Wu Jian was pleased with you.
You were not hungry.

You visited 1 branch of the dungeon, and saw 7 of its levels.

You collected 288 gold pieces.

Inventory:

Missiles
 B - 4 tomahawks (quivered)
Armour
 a - a +1 robe (worn)
Jewellery
 e - a ring of fire (left claw)
 n - a ring of see invisible (right claw)
Wands
 t - a wand of flame (35/48)
 z - a wand of digging (17/24)
 C - a wand of digging (13/24)
Scrolls
 f - a scroll of immolation {unknown}
 i - a scroll of fear
 k - 6 scrolls of remove curse
 q - a scroll of recharging {unknown}
 r - a scroll of teleportation
 u - a scroll of enchant weapon
 y - a scroll of fog
Potions
 c - a potion of berserk rage {unknown}
 d - 7 potions of curing
 g - a potion of might {unknown}
 j - 2 potions of brilliance {unknown}
 l - a potion of heal wounds
 m - 2 potions of mutation {unknown}
 o - a potion of invisibility {unknown}
 s - a potion of resistance {unknown}
 v - 2 potions of haste {unknown}
 A - a potion of agility {unknown}
Books
 x - a book of Misfortune

   Spells                             Type                      Level
   a - Confusing Touch                Hexes                        1
   b - Confuse                        Hexes                        3
   c - Gell's Gravitas                Translocation                3
   d - Petrify                        Transmutation/Earth          4
   e - Metabolic Englaciation         Hexes/Ice                    5
   f - Yara's Violent Unravelling     Hexes/Transmutation          5
Comestibles
 b - 5 bread rations
 h - 6 fruits
 p - a royal jelly
 w - 2 meat rations


   Skills:
 + Level 4.0 Fighting
 + Level 5.0 Dodging
 + Level 2.6 Stealth
 + Level 9.9 Unarmed Combat


You had 8 spell levels left.
You didn't know any spells.

Dungeon Overview and Level Annotations

Branches:
Dungeon (7/15)
 Temple: D:4-7

Altars:
Ashenzari
Cheibriados
Gozag
Kikubaaqudgha
Okawaru
Qazlal
Ru
Vehumet
Wu Jian
Zin


Innate Abilities, Weirdness & Mutations

You are too large for most types of armour.
You have claws for hands.
Your metabolism is lightning-fast.
You like to eat raw meat.
Your natural rate of healing is unusually fast.
You are covered in fur. (AC +1)
You have very tough skin. (AC +2)


Message History

The orc wizard closely misses you. The orc hits you with a whip.
The orc barely misses you.
You mangle the orc!!
You kill the orc!
The Council accepts your kill.
The orc priest calls down the wrath of Beogh upon you.
Beogh smites you!
* * * LOW HITPOINT WARNING * * *
The orc priest begins to cast a cantrip, but forgets the words!
The orc wizard points at you and mumbles some strange words.
You are confused.
You bump into the rock wall.
The orc hits you with a short sword.
* * * LOW HITPOINT WARNING * * *
The orc priest hits you with a hand axe of freezing.
* * * LOW HITPOINT WARNING * * *
The orc priest freezes you.
* * * LOW HITPOINT WARNING * * *
The orc priest invokes the aid of Beogh against you.
Beogh smites you!
You die...

.. ##########
#...#oo@<...?#
.#...ooo....#
......oo...#....o
.#.##............
.......###.#.####
.ยง.#### .#.# ..
.# # . .#


You could see 2 orc priests, an orc wizard (invisible) and 4 orcs.

Vanquished Creatures
  Grinder (D:6)
  The ghost of zero the Chopper, an amateur GrBe of Trog (D:4)
  A hungry ghost (D:6)
  A sky beast (D:4)
  3 ogres
  2 centaurs (D:6)
  2 scorpions
  A water moccasin skeleton (D:6)
  5 killer bees
  3 wights (D:6)
  An electric eel (D:6)
  A crimson imp (D:6)
  2 bullfrog zombies
  3 hounds
  A jelly (D:6)
  2 orc priests (D:5)
  An iron imp (D:5)
  4 worker ants
  3 hound skeletons (D:5)
  3 gnolls (D:4)
  7 adders
  3 shadow imps
  An ooze (D:3)
  An adder zombie (D:6)
  An adder skeleton (D:4)
  5 worms
  3 dart slugs
  4 leopard geckos
  14 orcs
  2 ball pythons
  4 giant cockroaches
  8 goblins
  10 hobgoblins
  7 jackals
  4 quokkas
  5 bats
  3 frilled lizards
  8 kobolds
  A leopard gecko zombie (D:5)
  10 rats
142 creatures vanquished.

Notes
Turn   | Place    | Note
-------+----------+-------------------------------------------
     0 | D:1      | cilpolir the Troll Monk began the quest for the Orb.
     0 | D:1      | Reached XP level 1. HP: 22/22 MP: 0/0
    91 | D:1      | Reached XP level 2. HP: 29/29 MP: 1/1
   451 | D:1      | Reached XP level 3. HP: 36/36 MP: 2/2
   663 | D:2      | Found a sacrificial altar of Ru.
   954 | D:2      | Reached skill level 4 in Unarmed Combat
   954 | D:2      | Reached XP level 4. HP: 44/44 MP: 3/3
  1105 | D:2      | Found an iron altar of Okawaru.
  1610 | D:3      | Reached XP level 5. HP: 53/53 MP: 4/4
  1796 | D:3      | Found an opulent altar of Gozag.
  1798 | D:3      | Found a glowing silver altar of Zin.
  1854 | D:4      | Noticed zero's ghost (amateur GrBe)
  1867 | D:4      | Killed zero's ghost
  1867 | D:4      | Reached skill level 5 in Unarmed Combat
  1867 | D:4      | Reached XP level 6. HP: 33/61 MP: 5/5
  2009 | D:4      | Found an ancient bone altar of Kikubaaqudgha.
  2062 | D:4      | Reached skill level 6 in Unarmed Combat
  2301 | D:5      | Entered Level 5 of the Dungeon
  2328 | D:4      | Reached XP level 7. HP: 32/67 MP: 6/6
  2502 | D:5      | Reached skill level 7 in Unarmed Combat
  2786 | D:5      | Found a radiant altar of Vehumet.
  2864 | D:5      | Found a glowing silver altar of Zin.
  3049 | D:5      | Found a snail-covered altar of Cheibriados.
  3056 | D:5      | Reached XP level 8. HP: 75/75 MP: 7/7
  3249 | D:6      | Reached skill level 8 in Unarmed Combat
  3270 | D:6      | Found a shattered altar of Ashenzari.
  3274 | D:6      | Noticed Grinder
  3336 | D:6      | Found an ornate altar of the Wu Jian Council.
  3347 | D:6      | Became a worshipper of the Wu Jian Council
  3347 | D:6      | Reached * piety under Wu Jian
  3347 | D:6      | Reached ** piety under Wu Jian
  3467 | D:6      | Killed Grinder
  3467 | D:6      | Reached skill level 9 in Unarmed Combat
  3701 | D:6      | Found a stormy altar of Qazlal.
  3829 | D:6      | Reached XP level 9. HP: 84/84 MP: 8/8
  4083 | D:7      | Reached skill level 5 in Dodging
  4098 | D:7      | Killed from afar by an orc priest

Vault maps used:
D:1:      scummos_arrival_hexagon
D:2:      nicolae_ru_awakened_eye, marbit_many_paths
D:3:      grunt_temple_overflow_gold_and_silver, minmay_misc_feat_tiny
D:4:      kiku_gazebo_pond_becter
D:5:      slow_altar_2, vehumet_altar_wand_db, first_bread, basic_altar
D:6:      nicolae_overflow_crystal_walls, ashenzari_altar_1, kennysheep_mini,
          serial_bayou_lagoon_b, uniq_grinder
D:7:      nicolae_overflow_hidden_temple, temple_fountains, the_bakery

Skill      XL: |  1  2  3  4  5  6  7  8  9 |
---------------+----------------------------+-----
Unarmed Combat | 4 5 6 7 9 |  9.9
Dodging        | 3 4 5 |  5.0
Fighting       | 3 4 |  4.0
Stealth        | 2 |  2.6

Action                   |  1- 3 |  4- 6 |  7- 9 || total
-------------------------+-------+-------+-------++-------
Melee: Unarmed           |   110 |   116 |   180 ||   406
       Punch             |     1 |     4 |     5 ||    10
  Use: Scroll            |     3 |     5 |     2 ||    10
       Potion            |       |       |     3 ||     3
 Stab: Sleeping          |     4 |     2 |     3 ||     9
  Eat: Chunk             |    14 |    12 |    15 ||    41
Armor: Robe              |    38 |    25 |    64 ||   127
Dodge: Dodged            |    49 |    48 |   123 ||   220

Table legend:
 A = Spawn XP
 B = Non-spawn XP
 C = Spawn XP percentage of total XP
 D = Spawn monster count
 E = Non-spawn monster count
 F = Spawn count percentage of total count
 G = Total turns spent on level
                    A         B        C        D         E        F      G
               +---------+---------+-------+---------+---------+-------+---------
         Total |       0 |    3180 |   0.0 |       0 |     142 |   0.0 |  4098
               +---------+---------+-------+---------+---------+-------+---------
           D:1 |       0 |      44 |   0.0 |       0 |      25 |   0.0 |   555
           D:2 |       0 |      79 |   0.0 |       0 |      24 |   0.0 |   854
           D:3 |       0 |     102 |   0.0 |       0 |      20 |   0.0 |   431
           D:4 |       0 |     696 |   0.0 |       0 |      23 |   0.0 |   689
           D:5 |       0 |     656 |   0.0 |       0 |      24 |   0.0 |   714
           D:6 |       0 |    1473 |   0.0 |       0 |      22 |   0.0 |   827
           D:7 |       0 |     130 |   0.0 |       0 |       4 |   0.0 |    28
               +---------+---------+-------+---------+---------+-------+---------
